 Dungeon Crawl Stone Soup version 0.31-a0-859-g9dce7d3444 (webtiles) character file.

Game seed: 4210072796581605346

4 Kurtz the Sneak (level 1, -1/21 HPs)
             Began as a Naga Delver on Oct 9, 2023.
             Slain by a gnoll
             ... wielding a +0 club
              (3 damage)
             ... on level 1 of the Dungeon.
             The game lasted 00:00:42 (355 turns).

Kurtz the Sneak (Naga Delver)                        Turns: 355, Time: 00:00:43

Health: -1/21      AC:  1    Str: 14    XL:     1   Next: 70%
Magic:  1/1        EV:  9    Int: 10    God:
Gold:   6          SH:  0    Dex: 12    Spells: 0/0 levels left

rFire   + . .        a - +0 hand axe
rCold   . . .        (no shield)
rNeg    . . .        b - +0 leather armour
rPois   +            (no helmet)
rElec   .            (no cloak)
rCorr   .            (no gloves)
SInv    +            (no barding)
Will    .....        (no amulet)
Stlth   +++          j - ring of protection from fire
HPRegen 0.23/turn    (no ring)
MPRegen 0.07/turn

%: no passive effects
@: hasted, quick
A: AC +0, large, see invisible, deformed body, poison resistance, slowness 2,
spit poison 1, naga tail 1
a: Spit Poison


You were on level 1 of the Dungeon.
You visited 1 branch of the dungeon, and saw 5 of its levels.

You collected 6 gold pieces.

Inventory:

Hand Weapons
 a - a +0 hand axe (weapon)
Missiles
 h - 6 poisoned darts
Armour
 b - a +0 leather armour (worn)
Jewellery
 j - a ring of protection from fire (left hand)
Wands
 g - a wand of digging (3)
 l - a wand of quicksilver (2)
Scrolls
 c - a scroll of fog
 d - a scroll of revelation
 e - a scroll of fear
 k - a scroll of summoning {unknown}
 m - a scroll of identify {unknown}
Potions
 i - a potion of brilliance {unknown}


   Skills:
 - Level 3.0 Fighting
 * Level 2.4 Axes
 - Level 1.5 Dodging
 - Level 7.2 Stealth


You couldn't memorise any spells.
You didn't know any spells.
Your spell library was empty.

Dungeon Overview and Level Annotations

Branches:
Dungeon (5/15)
 Temple: D:4-7

Altars:


Innate Abilities, Weirdness & Mutations

Your serpentine skin is tough. (AC +0)
You have supernaturally acute eyesight. (SInv)
Armour fits poorly on your strangely shaped body.
Your system is resistant to poisons. (rPois)
You cover ground very slowly.
You can spit poison.
You have a snake-like lower body.


Message History

You completely miss the gnoll. You barely miss the giant cockroach.
The giant cockroach waves its antennae.
The giant cockroach bites you. The gnoll hits you with a +0 club!
You are too injured to fight recklessly!
You are too injured to fight recklessly!
You are too injured to fight recklessly!
You are too injured to fight recklessly!
You are too injured to fight recklessly!
Unknown command.
Aiming: Spit Poison (3% risk of failure)
Press: ? - help, Shift-Dir - straight line, f - gnoll
Aim: a gnoll, wielding a +0 club (59% to hit)
The splash of poison misses the gnoll.
The giant cockroach bites you. The gnoll completely misses you.
Unknown command.
Unknown command.
Okay, then.
You feel yourself speed up. The giant cockroach closely misses you.
The gnoll barely misses you.
The giant cockroach bites you but does no damage.
Unknown command.
You barely miss the giant cockroach. You barely miss the gnoll.
The giant cockroach barely misses you. The gnoll hits you with a +0 club.
* * * LOW HITPOINT WARNING * * *
Unknown command.
You closely miss the gnoll. You hit the giant cockroach.
The giant cockroach bites you.
* * * LOW HITPOINT WARNING * * *
The gnoll barely misses you.
You closely miss the gnoll. You hit the giant cockroach.
The giant cockroach bites you but does no damage.
Unknown command.
You barely miss the gnoll. You barely miss the giant cockroach.
You have got your breath back.
The gnoll barely misses you. The giant cockroach bites you.
* * * LOW HITPOINT WARNING * * *
Unknown command.
You barely miss the gnoll. Your punch misses the gnoll.
You barely miss the giant cockroach. The gnoll hits you with a +0 club.
You die...

.. . . . ... .. .
....... ... #+#.
..#..... .... #..##
#......#
.....##..###......#
........B.........#
........g@........#
..................#
..................#
.!...#######..)...#
#####............##
#.....†......#
#............+
#............#
..r...........###


You could see a gnoll and a giant cockroach.

Vanquished Creatures
  An orc (D:4)
  2 bats (D:1)
  A frilled lizard (D:1)
4 creatures vanquished.

Notes
Turn   | Place    | Note
-------+----------+-------------------------------------------
     0 | D:5      | Kurtz the Naga Delver began the quest for the Orb.
     0 | D:5      | Reached XP level 1. HP: 21/21 MP: 1/1
    18 | D:5      | Noticed a jelly
   293 | D:4      | Noticed an iguana
   354 | D:1      | HP: 1/21 [giant cockroach (1)]
   355 | D:1      | Slain by a gnoll

Illustrated notes

Levels and vault maps discovered:
D:1:      dpeg_arrival_round_a, layout_basic
D:2:      layout_loops_ring
D:3:      layout_loops_ring, mainiacjoe_overflow_tiny_flanked,
          amcnicky_altar_gilded, serial_shops, shop
D:4:      layout_loops_ring
D:5:      layout_basic, grunt_gozag_statues,
          grunt_temple_overflow_growth_and_decay, grunt_ministairs_15

Action                     || total
---------------------------++-------
  Melee: Hand axe          ||    14
Ability: Spit Poison       ||     1
    Use: Potion            ||     1
   Stab: Sleeping          ||     2
 Armour: Leather armour    ||    19
  Dodge: Dodged            ||    12

Table legend: (Time is in decaauts)
 A = Elapsed time spent in this place.
 B = Non-inter-level travel time spent in this place.
 C = Inter-level travel time spent in this place.
 D = Time resting spent in this place.
 E = Time spent auto-exploring this place.
 F = Levels seen in this place.
 G = Mean time per level.
                   A        B        C        D        E       F      G
               +--------+--------+--------+--------+--------+-----+--------+
         Total |    477 |    382 |     95 |      0 |    262 |   5 |   95.4 |
       Dungeon |    477 |    382 |     95 |      0 |    262 |   5 |   95.4 |
               +--------+--------+--------+--------+--------+-----+--------+

Top non-repeatable levels by time:
     D:4: 279 daAuts
     D:5: 128 daAuts
     D:1: 43 daAuts
     D:2: 17 daAuts
     D:3: 8 daAuts
